 Dungeon Crawl Stone Soup version 0.29-a0-284-gf9362112df (webtiles) character file.

Game seed: 7494556573425016467

47 siradein the Bolt Thrower (level 3, -9/30 HPs)
             Began as a Draconian Hunter on Apr 1, 2022.
             Killed by divine providence
             ... invoked by an orc priest
              (10 damage)
             ... on level 2 of the Dungeon.
             The game lasted 00:02:24 (1058 turns).

siradein the Bolt Thrower (Draconian Hunter)        Turns: 1058, Time: 00:02:24

Health: -9/30      AC:  6    Str: 13    XL:     3   Next: 48%
Magic:  3/3        EV: 12    Int:  9    God:
Gold:   105        SH:  0    Dex: 16    Spells: 2/2 levels left

rFire   . . .      SeeInvis .   a - +1 hand crossbow
rCold   . . .      Faith    .   (no shield)
rNeg    . . .      Spirit   .   (body armour unavailable)
rPois   +          Reflect  .   (helmet restricted)
rElec   .          Harm     .   (no cloak)
rCorr   .          Rampage  .   (no gloves)
Will    .....                   g - +0 pair of boots {Stlth+}
Stlth   +++.......              (no amulet)
HPRegen 0.10/turn               i - ring of poison resistance
MPRegen 0.08/turn               (no ring)

@: no status effects
A: AC +5, unfitting armour, cold-blooded
a: no special abilities


You were on level 2 of the Dungeon.
You visited 1 branch of the dungeon, and saw 2 of its levels.

You collected 105 gold pieces.

Inventory:

Hand Weapons
 a - a +1 hand crossbow (weapon)
Armour
 g - a +0 pair of boots of stealth (worn)
Jewellery
 i - a ring of poison resistance (left hand)
Scrolls
 b - a scroll of immolation
 e - a scroll of fog {unknown}
 f - 2 scrolls of teleportation {unknown}
 h - a scroll of enchant weapon {unknown}
 j - a scroll of vulnerability {unknown}
Potions
 c - a potion of degeneration {unknown}
 d - a potion of attraction {unknown}


   Skills:
 + Level 2.7 Fighting
 * Level 4.2 Crossbows
 + Level 2.3 Dodging
 + Level 1.2 Stealth


You had 2 spell levels left.
You didn't know any spells.
Your spell library contained the following spells:

 Spells                   Type           Power      Damage    Failure   Level
 Sting                    Tmut/Pois      0%         1d3       38%         1
 Poisonous Vapours        Pois/Air       0%         N/A       52%         2
 Olgreb's Toxic Radiance  Pois           0%         N/A       99%         4


Dungeon Overview and Level Annotations

Branches:
Dungeon (2/15)

Altars:


Innate Abilities, Weirdness & Mutations

Your plain brown scales are hard. (AC +5)
You cannot fit into any form of body armour.
You are cold-blooded and may be slowed by cold attacks.


Message History

You shoot a bolt. The bolt hits the orc.
You kill the orc!
An orc comes into view. It is wielding a +0 dagger.
An orc wizard comes into view. It is wielding a +0 dagger.
You shoot a bolt. The bolt barely misses the rat.
An orc priest comes into view. It is wielding a +0 hand axe.
You shoot a bolt. The orc priest shouts!
The bolt hits the rat.
You kill the rat!
The orc wizard mumbles some strange words.
The orc wizard flickers and vanishes!
Deactivating autopickup; reactivate with Ctrl-A.
The orc priest closely misses you. The orc attacks as you move away!
The orc closely misses you. The orc attacks as you move away!
The orc completely misses you.
The orc priest invokes the aid of Beogh against you.
Beogh smites you!
The orc priest invokes the aid of Beogh against you.
Beogh smites you!
* * * LOW HITPOINT WARNING * * *
You are too injured to fight recklessly!
You are too injured to fight recklessly!
Unknown command.
Shoot: a) +1 hand crossbow
Press: ? - help, Q - select action Shift-Dir - straight line, f - orc
Aim: an orc, wielding a +0 dagger (65% to hit)
You shoot a bolt. The bolt barely misses the orc.
The bolt hits the orc priest.
The orc priest is moderately wounded.
The orc barely misses you.
Shoot: a) +1 hand crossbow
Press: ? - help, Q - select action Shift-Dir - straight line, f/p - orc
Aim: an orc, wielding a +0 dagger (65% to hit)
You shoot a bolt. The bolt closely misses the orc.
The bolt hits the orc priest.
The orc priest is severely wounded.
The orc misses you.
The orc priest invokes the aid of Beogh against you.
Beogh smites you!
You die...

### ... #.# #.# #####@#
####### ...#o# #......
#.####.#o##########......
#.....†.{................
#....#.#)##########......
... #.#o# ####### # #.#.#
..#.# ###)#


You could see 2 orc priests and an orc.

Vanquished Creatures
  An adder (D:2)
  A worm (D:2)
  A dart slug (D:2)
  An orc (D:2)
  An endoplasm (D:1)
  A giant cockroach (D:1)
  A goblin (D:2)
  6 hobgoblins (D:1)
  2 jackals (D:1)
  A kobold (D:2)
  2 quokkas (D:1)
  3 ball pythons
  3 bats
  3 frilled lizards (D:1)
  4 rats
31 creatures vanquished.

Notes
Turn   | Place    | Note
-------+----------+-------------------------------------------
     0 | D:1      | siradein the Draconian Hunter began the quest for the Orb.
     0 | D:1      | Reached XP level 1. HP: 17/17 MP: 1/1
   123 | D:1      | Reached XP level 2. HP: 25/25 MP: 2/2
   566 | D:1      | Reached skill level 4 in Crossbows
   755 | D:1      | Reached skill level 1 in Stealth
   977 | D:2      | Reached XP level 3. HP: 30/30 MP: 3/3
  1056 | D:2      | HP: 1/30 [orc priest/divine providence (10)]
  1058 | D:2      | Killed from afar by an orc priest

Illustrated notes

Levels and vault maps discovered:
D:1:      minmay_arrival_plants_in_alcoves, layout_loops_corners
D:2:      layout_basic, shapermc_ecumenical_altar_totnotflames,
          nicolae_elevator_lobby_asterisk, uniq_sigmund

Skill      XL: |  1  2 |
---------------+-------+-----
Dodging        | 2 |  2.3
Crossbows      | 4 |  4.2
Stealth        | 1 |  1.2
Fighting       | |  2.7

Action                   || total
-------------------------++-------
 Fire: Hand crossbow     ||    70
Armor: Skin              ||     2
Dodge: Dodged            ||    17

Table legend: (Time is in decaauts)
 A = Elapsed time spent in this place.
 B = Non-inter-level travel time spent in this place.
 C = Inter-level travel time spent in this place.
 D = Time resting spent in this place.
 E = Time spent auto-exploring this place.
 F = Levels seen in this place.
 G = Mean time per level.
                   A        B        C        D        E       F      G
               +--------+--------+--------+--------+--------+-----+--------+
         Total |   1078 |   1059 |     19 |      0 |    905 |   2 |  539.0 |
       Dungeon |   1078 |   1059 |     19 |      0 |    905 |   2 |  539.0 |
               +--------+--------+--------+--------+--------+-----+--------+

Top non-repeatable levels by time:
     D:1: 895 daAuts
     D:2: 183 daAuts
